 Dungeon Crawl Stone Soup version 0.26.1-11-gd32895ea62 (webtiles) character file.

Game seed: 5445418795617602295

649 Revguard the Chopper (level 7, -4/52 HPs)
             Began as a Demonspawn Gladiator on June 12, 2021.
             Killed by nerve-wracking pain
             ... invoked by a shadow imp
              (14 damage)
             ... on level 5 of the Dungeon.
             The game lasted 00:08:59 (5063 turns).

Revguard the Chopper (Demonspawn Gladiator)         Turns: 5063, Time: 00:09:00

Health: -4/52      AC: 18    Str: 16    XL:     7   Next: 28%
Magic:  7/7        EV: 11    Int: 10    God:
Gold:   326        SH:  0    Dex: 14    Spells: 6/6 levels left

rFire    . . .     SeeInvis .   a - +0 war axe
rCold    + . .     Faith    .   (no shield)
rNeg     . . .     Spirit   .   q - +3 scale mail {rC+}
rPois    .         Reflect  .   c - +0 helmet
rElec    .         Harm     .   l - +0 cloak
rCorr    .         Rampage  .   (no gloves)
Will     .....                  (no boots)
Stlth    +.........             (no amulet)
HPRegen  0.17/turn              f - ring of stealth
MPRegen  0.10/turn              (no ring)

@: sanguine armour
A: claws 1, miasma immunity, sanguine armour 1
a: no special abilities


You were on level 5 of the Dungeon.
You visited 1 branch of the dungeon, and saw 5 of its levels.

You collected 326 gold pieces.

Inventory:

Hand Weapons
 a - a +0 war axe (weapon)
Armour
 c - a +0 helmet (worn)
 l - a +0 cloak (worn)
 q - a +3 scale mail of cold resistance (worn)
Jewellery
 f - a ring of stealth (left claw)
 k - an uncursed ring of ice
Wands
 m - a wand of digging (5)
Scrolls
 d - a scroll of random uselessness {unknown}
 e - 2 scrolls of remove curse
 h - 4 scrolls of teleportation
 o - a scroll of blinking
Potions
 b - a potion of magic {unknown}
 g - a potion of lignification
 i - a potion of attraction
 j - 2 potions of curing
 n - a potion of flight


   Skills:
 + Level 3.3 Fighting
 + Level 4.9 Axes
 + Level 2.5 Throwing
 * Level 3.6 Armour
 + Level 3.7 Dodging
 * Level 1.9 Evocations


You had 6 spell levels left.
You didn't know any spells.
Your spell library contained the following spells:

 Spells                   Type           Power        Failure   Level
 Animate Skeleton         Necr           0%           78%         1
 Pain                     Necr           0%           78%         1
 Vampiric Draining        Necr           0%           98%         3
 Animate Dead             Necr           0%           100%        4
 Agony                    Necr           0%           100%        5


Dungeon Overview and Level Annotations

Branches:
Dungeon (5/15)
 Temple: D:4-7

Altars:
Fedhas
Vehumet


Innate Abilities, Weirdness & Mutations

You have sharp fingernails.
You are immune to miasma.
When seriously injured, your bleeding wounds create armour. (AC +6)


Message History

The shadow imp closely misses you.
You hit the shadow imp.
The shadow imp is almost dead.
The shadow imp gestures at you. Pain shoots through your body!
* * * LOW HITPOINT WARNING * * *
You closely miss the shadow imp.
The shadow imp is almost dead.
The shadow imp hits you but does no damage.
The shadow imp gestures at you. Pain shoots through your body!
* * * LOW HITPOINT WARNING * * *
You barely miss the shadow imp.
The shadow imp is almost dead.
The shadow imp misses you.
You hit the shadow imp.
The shadow imp is almost dead.
The shadow imp gestures at you. Pain shoots through your body!
You die...

#.. #.# #.### ###
#... ..# ####..# #.#
.....######.#
#####..#...##.####
#.....@.......>..#
#.##..5#.[.##.##.#
#....<#####.##.#
..............##.#
...###.##########.##
### #.# #..# #.#
##.# #+# #.# #.#


You could see a shadow imp.

Vanquished Creatures
  2 ogres (D:4)
  A centaur (D:4)
  The ghost of ciphuk the Sneak, an amateur KoDe (D:4)
  A scorpion (D:4)
  2 hounds (D:4)
  An orc wizard (D:3)
  Terence (D:3)
  An iguana (D:3)
  A worker ant (D:5)
  3 adders
  An ufetubus (D:5)
  An ooze (D:2)
  An adder skeleton (D:4)
  2 worms
  2 dart slugs
  A leopard gecko (D:3)
  7 orcs (D:3)
  2 giant cockroaches
  6 goblins
  4 hobgoblins
  2 quokkas (D:3)
  3 ball pythons
  7 bats
  5 frilled lizards
  9 kobolds
  6 rats
73 creatures vanquished.

Vanquished Creatures (others)
  5 fungi (D:5)
5 creatures vanquished.

Grand Total: 78 creatures vanquished

Notes
Turn   | Place    | Note
-------+----------+-------------------------------------------
     0 | D:1      | Revguard the Demonspawn Gladiator began the quest for the
                  | Orb.
     0 | D:1      | Reached XP level 1. HP: 16/16 MP: 1/1
   404 | D:1      | You fall into a shaft and drop 1 floor!
   725 | D:2      | Gained mutation: You are immune to miasma. [demonic
                  | ancestry]
   725 | D:2      | Reached XP level 2. HP: 7/22 MP: 2/2
  1077 | D:2      | Found a radiant altar of Vehumet.
  1619 | D:1      | Reached skill level 3 in Axes
  1754 | D:1      | Reached skill level 1 in Armour
  1971 | D:1      | Gained mutation: You have sharp fingernails. [demonic
                  | ancestry]
  1971 | D:1      | Reached XP level 3. HP: 27/27 MP: 3/3
  3161 | D:3      | Reached XP level 4. HP: 7/33 MP: 4/4
  3671 | D:3      | Reached XP level 5. HP: 39/39 MP: 5/5
  3724 | D:3      | Noticed Terence
  3736 | D:3      | Killed Terence
  3904 | D:4      | Noticed a centaur
  3909 | D:4      | Killed a centaur
  3910 | D:4      | Reached skill level 4 in Axes
  3935 | D:4      | Reached XP level 6. HP: 45/46 MP: 6/6
  3981 | D:4      | Found a transporter.
  3984 | D:4      | Found a transporter.
  3984 | D:4      | Noticed ciphuk's ghost (amateur KoDe)
  4055 | D:4      | Found a blossoming altar of Fedhas.
  4540 | D:4      | Reached skill level 1 in Evocations
  4689 | D:4      | Gained mutation: When seriously injured, your bleeding
                  | wounds create armour. (AC +6) [demonic ancestry]
  4689 | D:4      | Reached XP level 7. HP: 42/52 MP: 7/7
  4692 | D:4      | Killed ciphuk's ghost
  4722 | D:5      | Entered Level 5 of the Dungeon
  5063 | D:5      | Killed from afar by a shadow imp

Illustrated notes

Levels and vault maps discovered:
D:1:      nicolae_arrival_somewhat_less_tricky_arrival, layout_basic,
          st_stairs_2
D:2:      layout_basic, fiery_altar_vehumet
D:3:      layout_rooms, minmay_mini_jars, uniq_terence
D:4:      layout_basic, overflow_temple_1_default, gammafunk_ghost_arena,
          grunt_decor_fettered, kennysheep_pointless_box
D:5:      kennysheep_steamy, layout_loops_corners, nzn_hepliaklqana_mist_gate

Skill      XL: |  1  2  3  4  5  6 |
---------------+-------------------+-----
Dodging        | 3 |  3.7
Axes           | 3 4 |  4.9
Armour         | 1 2 3 |  3.6
Throwing       | 2 |  2.5
Fighting       | 3 |  3.3
Evocations     | 1 |  1.9

Action                   |  1- 3 |  4- 6 |  7- 9 || total
-------------------------+-------+-------+-------++-------
Melee: War axe           |   129 |    91 |    24 ||   244
Throw: Throwing net      |     1 |     3 |       ||     4
       Dart              |       |    10 |       ||    10
  Use: Scroll            |     5 |       |     5 ||    10
       Potion            |     5 |       |       ||     5
 Stab: Held in net/web   |     2 |       |       ||     2
Armor: Leather armour    |    22 |       |       ||    22
       Ring mail         |    49 |       |       ||    49
       Skin              |    48 |     9 |       ||    57
       Chain mail        |     1 |    45 |       ||    46
       Scale mail        |       |    15 |    12 ||    27
Dodge: Dodged            |   118 |    61 |    19 ||   198
